 Dungeon Crawl Stone Soup version 0.18-a0-1035-g72c9994 (webtiles) character file.

614 4thArraOfDagon the Cudgeler (level 7, -1/74 HPs)
             Began as an Ogre Hunter on Jan 9, 2016.
             Was an Initiate of Cheibriados.
             Slain by Duffy's ghost (5 damage)
             ... on level 6 of the Dungeon.
             The game lasted 00:07:39 (1232 turns).

4thArraOfDagon the Cudgeler (Ogre Hunter)           Turns: 1232, Time: 00:07:39

Health: -1/74      AC:  4    Str: 19    XL:     7   Next: 44%
Magic:  9/9        EV: 10    Int: 13    God:    Cheibriados [......]
Gold:   110        SH:  0    Dex: 11    Spells: 1 memorised, 6 levels left

rFire  . . .     SeeInvis .     a - +0 giant club
rCold  . . .     Gourm    .     b - +0 robe
rNeg   . . .     Faith    .     (shield currently unavailable)
rPois  .         Spirit   .     (helmet restricted)
rElec  .         Dismiss  .     o - +0 cloak
rCorr  .         Reflect  .     (gloves unavailable)
SustAt .         Harm     .     (boots unavailable)
MR     .....                    (no amulet)
Stlth  +.........               (no ring)
                                (no ring)

@: very slow, not resistant to hostile enchantments, very unstealthy
A: unfitting armour, tough skin 1
a: Bend Time, Renounce Religion


You were on level 6 of the Dungeon.
You worshipped Cheibriados.
Cheibriados was noncommittal.
You were not hungry.

You visited 2 branches of the dungeon, and saw 7 of its levels.

You collected 110 gold pieces.

Inventory:

Hand Weapons
 a - a +0 giant club (weapon)
 g - a +0 whip
 m - a +1 mace of holy wrath
Missiles
 d - a throwing net (quivered)
Armour
 b - a +0 robe (worn)
 e - a +0 cloak
 o - a +0 cloak (worn)
Wands
 l - a wand of fireball (0/15)
Scrolls
 i - 2 scrolls of remove curse
 j - a scroll of identify {unknown}
Books
 k - a book of Necromancy

   Spells                             Type                      Level
   a - Pain                           Necromancy                   1
   b - Animate Skeleton               Necromancy                   1
   c - Vampiric Draining              Necromancy                   3
   d - Regeneration                   Charms/Necromancy            3
   e - Animate Dead                   Necromancy                   4
   f - Control Undead                 Necromancy                   4
Comestibles
 f - 4 bread rations
 h - 2 royal jellies
 n - 3 chunks of flesh


   Skills:
 + Level 5.9 Fighting
 * Level 7.1 Maces & Flails
 - Level 4.0 Throwing
 - Level 1.7 Dodging
 - Level 0.7 Stealth
 + Level 1.6 Spellcasting
 * Level 1.0 Charms
 * Level 1.2 Necromancy
 + Level 0.9 Invocations


You had 6 spell levels left.
You knew the following spells:

 Your Spells              Type           Power        Failure   Level  Hunger
a - Regeneration          Chrm/Necr      #.........   52%         3    ####...


Dungeon Overview and Level Annotations

Branches:
Dungeon (6/15)             Temple (1/1) D:5

Altars:
Ashenzari
Cheibriados
Dithmenos
Gozag
Makhleb
Okawaru
Qazlal
Ru
Sif Muna
Trog
Vehumet
Yredelemnul
Zin

Annotations:
D:6 Duffy's ghost, novice GrCj


Innate Abilities, Weirdness & Mutations

You are too large for most types of armour.
You have tough skin (AC +1).


Message History

Press: ? - help, Shift-Dir - straight line, f/p - Duffy's ghost
Aim: Duffy's ghost, wielding a weapon of electrocution (heavily damaged)
You throw a large rock. The large rock hits Duffy's ghost!
Duffy's ghost is severely damaged.
Unknown command.
Unknown command.
You closely miss Duffy's ghost.
Duffy's ghost is severely damaged.
Duffy's ghost casts a spell next to you.
Duffy's ghost conjures a prism of explosive energy!
A fulminant prism comes into view.
Unknown command.
Unknown command.
You hit Duffy's ghost.
Duffy's ghost is almost destroyed.
Duffy's ghost hits you but does no damage.
The fulminant prism crackles loudly.
Duffy's ghost mispronounces a nearly unspeakable incantation.
Duffy's ghost hits you.
You die...

####.####
#...#.###.#### #.#
#####......... #.#
##.####### ########.#
#.# .........# #.#
########## #.# #.#
###############.#
#.........*@W(.(#
#####...##############
..... #####


You could see a fulminant prism and Duffy's ghost.

Vanquished Creatures
  An ogre (D:4)
  A giant frog (D:6)
  3 scorpions
  2 crimson imps (D:5)
  2 iguanas
  An orc wizard (D:4)
  3 worker ants
  3 gnolls (D:5)
  A river rat (D:4)
  An adder (D:5)
  A giant gecko (D:4)
  12 orcs
  2 bats
  2 giant cockroaches
  2 hobgoblins
  2 quokkas
  5 giant newts
  3 rats
47 creatures vanquished.

Vanquished Creatures (others)
  A fulminant prism (D:6)
1 creature vanquished.

Grand Total: 48 creatures vanquished

Notes
Turn   | Place    | Note
--------------------------------------------------------------
     0 | D:1      | 4thArraOfDagon the Ogre Hunter began the quest for the Orb.
     0 | D:1      | Reached XP level 1. HP: 22/22 MP: 1/1
    71 | D:1      | Reached skill level 1 in Maces & Flails
   141 | D:2      | Reached XP level 2. HP: 24/31 MP: 2/2
   167 | D:3      | Reached XP level 3. HP: 31/37 MP: 3/3
   253 | D:3      | Found a sacrificial altar of Ru.
   431 | D:4      | Reached XP level 4. HP: 23/48 MP: 4/4
   450 | D:4      | Noticed an ogre
   466 | D:4      | Reached XP level 5. HP: 32/55 MP: 5/5
   542 | D:4      | Reached skill level 5 in Maces & Flails
   592 | D:4      | Reached skill level 5 in Fighting
   604 | D:4      | Killed an ogre
   604 | D:4      | Reached skill level 6 in Maces & Flails
   604 | D:4      | Reached XP level 6. HP: 13/66 MP: 6/6
   709 | D:4      | Learned a level 3 spell: Regeneration
   710 | D:5      | Entered Level 5 of the Dungeon
   720 | D:5      | Found a staircase to the Ecumenical Temple.
   820 | Temple   | Entered the Ecumenical Temple
   841 | Temple   | Became a worshipper of Cheibriados the Contemplative
   919 | D:5      | Reached skill level 1 in Spellcasting
   919 | D:5      | Reached XP level 7. HP: 64/74 MP: 8/8
   989 | D:6      | Noticed Duffy's ghost (novice GrCj)
  1080 | D:6      | Reached skill level 7 in Maces & Flails
  1080 | D:6      | Reached skill level 1 in Necromancy
  1185 | D:6      | Reached skill level 1 in Charms
  1229 | D:6      | HP: 3/74 [Duffy's ghost/magic dart (8)]
  1232 | D:6      | Slain by Duffy's ghost

Vault maps used:
D:1:      lemuel_arrival_muddy
D:2:      xom_teletrap_fun
D:3:      lemuel_coloured_pillars_altar, first_bread, serial_bayou_lagoon_b
D:4:      portal_sewer_entry_a, minmay_hollow_rounded_squares
D:5:      nicolae_overflow_crystal_walls, minmay_temple_entry_junction2
D:6:      gammafunk_temple_overflow_forgotten, serial_shops, shop_statue,
          nicolae_for_you_no_charge, uniq_blork_the_orc
Temple:   triangle_lava_temple_12

Action                   |  1- 3 |  4- 6 |  7- 9 || total
-------------------------+-------+-------+-------++-------
Melee: Whip              |    46 |       |       ||    46
       Mace              |    15 |    68 |       ||    83
       Giant club        |       |    18 |    23 ||    41
Throw: Large rock        |    11 |    20 |     6 ||    37
       Throwing net      |       |     5 |       ||     5
Evoke: Wand              |       |     2 |       ||     2
  Use: Scroll            |     4 |       |       ||     4
       Potion            |       |     6 |       ||     6
 Stab: Held in net/web   |       |     2 |       ||     2
       Sleeping          |       |       |     2 ||     2
  Eat: Chunk             |       |       |     2 ||     2
